Map: Bridgehead LE (Void)

Players

AmisMoDo - Winner!

  • Race: Terran Terran
  • League: Grandmaster

Erabeus

  • Race: Zerg Zerg
  • League: Platinum

VOD

Have the link to the VOD?

Description

for analysis

Time

  • Played on: Oct. 24, 2015, 9:44 p.m.
  • Length: 11:19
Show
View Real Time Build Order
Export as new Build Order

AmisMoDo Terran - Winner!

Build Orders: Liberator Opening, Bio Mine 

Get SALT Encoding   

  12  0:01  SCV  
  13  0:13  SCV  
  14  0:18  Supply Depot  
  14  0:25  SCV  
  15  0:40  SCV  
  15  0:42  Barracks  
  16  0:51  Refinery  
  16  0:52  SCV  
  17  1:04  SCV  
  18  1:19  SCV  
  19  1:30  Marine  
  21  1:36  Orbital Command  
  20  1:44  Command Center  
  20  1:55  Supply Depot  
  20  2:00  Factory, Marine  
  21  2:08  Refinery  
  21  2:11  SCV  
  22  2:18  Marine  
  23  2:26  SCV  
  24  2:36  Marine  
  25  2:38  SCV  
  26  2:47  Starport, Factory Reactor  
  26  2:50  SCV  
  27  2:58  Orbital Command  
  27  3:02  Marine  
  28  3:07  SCV  
  29  3:24  Liberator  
  29  3:25  Marine, Liberator  
  30  3:27  SCV x2  
  32  3:40  SCV x2  
  40  3:51  Supply Depot  
  40  3:52  Supply Depot  
  40  3:56  SCV x2  
  40  3:59  Marine  
  40  4:00  Factory Tech Lab  
  43  4:12  Command Center, SCV x2  
  45  4:19  Engineering Bay  
  45  4:22  Engineering Bay  
  45  4:24  SCV x2  
  47  4:37  SCV x2  
  49  4:40  Factory Tech Lab  
  49  4:41  Barracks  
  49  4:43  Starport Reactor  
  49  4:46  Stimpack  
  49  4:47  Supply Depot  
  49  4:52  SCV x2  
  51  4:54  Barracks  
  51  4:58  Refinery  
  51  4:59  Refinery  
  51  5:02  Supply Depot  
  51  5:04  SCV  
  52  5:10  Terran Infantry Weapons Level 1, Terran Infantry Armor Level 1  
  52  5:15  Marine  
  52  5:19  SCV  
  52  5:20  SCV  
  55  5:25  Factory Reactor  
  55  5:26  Orbital Command  
  55  5:35  SCV  
  55  5:40  Starport Reactor  
  56  5:47  SCV  
  56  5:48  SCV  
  56  5:49  Marine x3  
  60  5:53  Barracks  
  55  5:57  Orbital Command  
  55  5:59  SCV  
  55  6:00  SCV  
  55  6:04  Missile Turret  
  57  6:07  Missile Turret, Marine  
  57  6:08  Missile Turret  
  57  6:09  Missile Turret  
  58  6:13  Marine x3  
  58  6:14  Marine  
  62  6:23  Armory, Widow Mine x2  
  66  6:31  SCV  
  66  6:32  SCV, Factory  
  68  6:33  SCV  
  69  6:43  Medivac x2  
  69  6:46  SCV  
  74  6:47  SCV  
  74  6:48  Missile Turret  
  74  6:49  Combat Shields  
  74  6:51  Marine  
  76  6:56  Marine x2  
  76  6:57  Marine x2  
  80  7:03  SCV x2  
  82  7:09  SCV  
  82  7:11  Marine x2  
  82  7:14  Marine x2  
  82  7:15  SCV  
  88  7:18  Factory Tech Lab  
  88  7:20  Starport  
  88  7:27  SCV x2  
  88  7:28  Widow Mine  
  92  7:34  Supply Depot  
  92  7:35  Terran Infantry Weapons Level 2, Terran Infantry Armor Level 2  
  92  7:36  Supply Depot  
  92  7:37  Supply Depot  
  92  7:41  Widow Mine  
  91  7:56  Marine x2  
  85  8:02  Marine x4  
  83  8:14  Marine x2  
  83  8:18  SCV x2  
  80  8:20  Marine x4  
  80  8:23  Missile Turret x2  
  80  8:26  Medivac x2  
  88  8:27  Starport Tech Lab  
  88  8:30  Drilling Claws, Starport Reactor  
  88  8:31  Marine  
  88  8:32  Widow Mine  
  88  8:33  Widow Mine  
  93  8:36  Widow Mine  
  95  8:43  Marine x5  
  100  8:51  Marine  
  100  8:54  SCV x2  
  103  9:00  Refinery x2  
  103  9:01  Marine x3  
  102  9:03  Marine x2  
  104  9:10  Barracks  
  104  9:11  Barracks  
  104  9:13  Barracks  
  104  9:19  Marine x2  
  104  9:20  Marine x2  
  104  9:21  Marine  
  104  9:22  Marine  
  97  9:32  SCV x2, Widow Mine  
  97  9:33  Widow Mine  
  97  9:35  Widow Mine  
  97  9:36  Marine x2  
  97  9:37  Marine  
  97  9:38  Marine  
  109  9:39  Marine  
  109  9:40  Marine  
  111  9:47  SCV x2  
  111  9:50  Supply Depot  
  111  9:51  Supply Depot  
  111  9:52  Medivac x2  
  117  10:11  Marine x8  
  117  10:13  Marine  
  109  10:29  Marine x5  
  109  10:31  Marine  
  115  10:40  SCV x2  
  114  10:43  Barracks Reactor  
  114  10:45  Barracks Reactor  
  114  10:47  Marine x5  
  114  10:48  Marine  
  114  10:49  Command Center  
  111  11:01  Barracks Reactor  
Show
View Real Time Build Order
Export as new Build Order

Erabeus Zerg 

Build Orders: Hatch First, Muta Ling Bane 

Get SALT Encoding   

  12  0:01  Drone  
  13  0:12  Overlord  
  13  0:17  Drone  
  14  0:24  Drone, Extractor  
  15  0:32  Drone  
  16  0:49  Hatchery  
  15  0:52  Drone  
  16  1:08  Spawning Pool  
  16  1:09  Drone  
  16  1:12  Drone  
  16  1:16  Extractor  
  16  1:20  Drone x2  
  18  1:31  Drone  
  19  1:46  Drone  
  20  1:54  Queen  
  20  1:57  Overlord  
  20  2:00  Queen  
  24  2:03  Zergling x4  
  26  2:14  Drone x2  
  26  2:15  Metabolic Boost  
  28  2:24  Drone  
  28  2:25  Drone  
  30  2:33  Overlord  
  30  2:36  Overlord  
  30  2:48  Drone x2  
  30  2:51  Queen  
  32  2:55  Lair  
  32  2:57  Drone x2  
  36  3:10  Drone  
  36  3:11  Drone x3  
  40  3:15  Drone x3  
  43  3:26  Drone  
  45  3:27  Drone  
  45  3:29  Extractor  
  45  3:30  Zergling x2  
  43  3:35  Extractor  
  43  3:37  Drone x4, Extractor  
  45  3:41  Zergling x4  
  45  3:45  Overlord x2  
  47  3:52  Drone  
  48  3:59  Baneling Nest  
  48  4:02  Overlord  
  47  4:09  Drone x5  
  52  4:10  Spire  
  51  4:28  Drone  
  51  4:29  Drone  
  53  4:31  Drone  
  54  4:40  Overlord x2  
  54  4:42  Hatchery  
  53  4:55  Zergling x12  
  54  5:25  Mutalisk x3  
  54  5:27  Mutalisk  
  54  5:28  Mutalisk x2  
  66  5:36  Drone  
  66  5:37  Drone  
  67  5:44  Drone x4  
  71  5:59  Drone x4  
  75  6:08  Drone x5  
  75  6:11  Extractor x2  
  78  6:16  Baneling  
  78  6:17  Baneling x6  
  78  6:19  Drone x3  
  79  6:34  Mutalisk x5  
  89  6:42  Zergling x2  
  89  6:44  Overlord x4  
  89  6:45  Pneumatized Carapace  
  89  7:03  Drone  
  89  7:04  Drone x5  
  89  7:07  Overlord  
  95  7:09  Overlord  
  95  7:13  Zergling x8  
  99  7:16  Hatchery  
  99  7:17  Centrifical Hooks  
  99  7:20  Drone x2  
  99  7:22  Evolution Chamber, Zergling x2  
  100  7:23  Zergling x2  
  100  7:24  Evolution Chamber  
  100  7:35  Drone x3  
  103  7:52  Mutalisk x8  
  103  7:56  Zergling x12  
  110  8:06  Zergling x8  
  110  8:11  Zergling x2  
  110  8:12  Zergling x2  
  113  8:15  Mutalisk x3  
  112  8:23  Drone  
  112  8:24  Drone x2  
  108  8:28  Overseer  
  108  8:29  Overseer x2  
  108  8:31  Zergling x2  
  108  8:32  Zergling x14  
  116  8:38  Queen  
  116  8:39  Drone x3  
  121  8:50  Drone  
  121  8:51  Drone x3  
  119  8:57  Drone x5  
  124  9:07  Drone x2  
  124  9:08  Zergling x8  
  124  9:09  Baneling  
  130  9:10  Baneling x13  
  130  9:15  Infestation Pit  
  129  9:19  Extractor  
  97  9:28  Zergling x22  
  97  9:29  Zergling x2  
  102  9:42  Extractor  
  101  9:46  Zergling x14  
  108  9:55  Baneling x15  
  108  9:56  Baneling x2  
  108  9:57  Hive  
  108  10:00  Mutalisk x3  
  112  10:19  Zergling x30  
  116  10:34  Zergling x10  
  113  10:41  Zergling x16  
Tags
 
Add a new tag
Caveats
  • Supply blocks, unpowered buildings, or Contaminate may cause inaccurate times.
  • Supply counts are checked every 10 seconds.